TOP OF THE 1ST |
Canton Indians batting - Pitching for Detroit Red Wings : RHP Edwin Marquez
|
Pitching: RHP Edwin Marquez
|
|
Batting: LHB Shane Montalvo
|
0-0: Ball 1-0: Foul Ball, location: 2F 1-1: Called Strike 1-2: Ball 2-2: Ground out 4-3 (Groundball, 4M, EV 78.8 MPH)
|
Batting: RHB John Bianconi
|
0-0: Ball 1-0: Ball 2-0: Ball 3-0: Base on Balls
|
Batting: LHB Dave Key
|
0-0: Ball 1-0: Swinging Strike 1-1: Ball 2-1: Fielders Choice at 2nd, 6-4 (Groundball, 6, EV 83.8 MPH)
|
Batting: RHB Ricky Butts
|
0-0: Called Strike 0-1: Fielders Choice at 2nd, 6-4 (Groundball, 6D, EV 105.0 MPH)
|
Top of the 1st over - 0 runs, 0 hits, 0 errors, 1 left on base; Canton 0 - Detroit 0 |
BOTTOM OF THE 1ST |
Detroit Red Wings batting - Pitching for Canton Indians : LHP Roberto Liza
|
Pitching: LHP Roberto Liza
|
|
Batting: SHB Chris Wagler
|
0-0: Called Strike 0-1: Foul Ball, location: 2F 0-2: SOLO HOME RUN (Flyball, 8RXD, EV 113.8 MPH), Distance : 456 ft
|
Batting: RHB Norm Wood
|
0-0: Foul Ball, location: 2F 0-1: Ball 1-1: Swinging Strike 1-2: Foul Ball, location: 2F 1-2: Strikes out looking
|
Batting: SHB Willie Medina
|
0-0: Called Strike 0-1: Ball 1-1: Swinging Strike 1-2: Strikes out swinging
|
Batting: LHB Steve Herrera
|
0-0: Foul Ball, location: 2F 0-1: Swinging Strike 0-2: Foul Ball, location: 2F 0-2: Ground out 6-3 (Groundball, 6, EV 108.8 MPH)
|
Bottom of the 1st over - 1 run, 1 hit, 0 errors, 0 left on base; Canton 0 - Detroit 1 |
TOP OF THE 2ND |
Canton Indians batting - Pitching for Detroit Red Wings : RHP Edwin Marquez
|
Batting: RHB Jesus Montana
|
0-0: Foul Ball, location: 2F 0-1: Foul Ball, location: 2F 0-2: Ball 1-2: Foul Ball, location: 2F 1-2: Strikes out looking
|
Batting: RHB Jose Argueta
|
0-0: DOUBLE (Flyball, 89D, EV 105.0 MPH)
|
Batting: SHB Jay Rook
|
0-0: Called Strike 0-1: Ball 1-1: Ball 2-1: Ground out 4-3 (Groundball, 4M, EV 110.0 MPH) Jose Argueta to third
|
Batting: RHB Aaron Stout
|
0-0: Called Strike 0-1: Foul Ball, location: 2F 0-2: Ground out 6-3 (Groundball, 6, EV 107.5 MPH)
|
Top of the 2nd over - 0 runs, 1 hit, 0 errors, 1 left on base; Canton 0 - Detroit 1 |
BOTTOM OF THE 2ND |
Detroit Red Wings batting - Pitching for Canton Indians : LHP Roberto Liza
|
Batting: SHB Eisse Wijnja
|
0-0: Ball 1-0: Fly out, F9 (Flyball, 89M, EV 87.5 MPH)
|
Batting: RHB Ernst Meloche
|
0-0: Called Strike 0-1: Ball 1-1: Swinging Strike 1-2: Ball 2-2: Strikes out swinging
|
Batting: RHB Nate Dabney
|
0-0: Ball 1-0: Ball 2-0: Fly out, F7 (Flyball, 78S, EV 79.4 MPH)
|
Bottom of the 2nd over - 0 runs, 0 hits, 0 errors, 0 left on base; Canton 0 - Detroit 1 |
TOP OF THE 3RD |
Canton Indians batting - Pitching for Detroit Red Wings : RHP Edwin Marquez
|
Batting: RHB Ighlas Mwara
|
0-0: Ball 1-0: Called Strike 1-1: Ground out 6-3 (Groundball, 6, EV 82.5 MPH)
|
Batting: LHB Shane Montalvo
|
0-0: Ball 1-0: Ball 2-0: Ball 3-0: Called Strike 3-1: Base on Balls
|
Batting: RHB John Bianconi
|
0-0: Ball 1-0: Ball 2-0: Ball Wild Pitch! Shane Montalvo to second 3-0: Called Strike 3-1: Base on Balls
|
Batting: LHB Dave Key
|
0-0: Ball Shane Montalvo steals 3rd base John Bianconi to second 1-0: Ground out 6-3 (Groundball, P, EV 83.8 MPH) Shane Montalvo scores John Bianconi to third
|
Batting: RHB Ricky Butts
|
0-0: Ball 1-0: Ball 2-0: Foul Ball, location: 2F 2-1: Ball 3-1: Ground out 6-3 (Groundball, 6M, EV 80.6 MPH)
|
Top of the 3rd over - 1 run, 0 hits, 0 errors, 1 left on base; Canton 1 - Detroit 1 |
BOTTOM OF THE 3RD |
Detroit Red Wings batting - Pitching for Canton Indians : LHP Roberto Liza
|
Batting: LHB Isao Fukui
|
0-0: Called Strike 0-1: Swinging Strike 0-2: Foul Ball, location: 2F 0-2: Ball 1-2: Ball 2-2: Strikes out swinging
|
Batting: RHB Yankel Pensak
|
0-0: Ball 1-0: Ball 2-0: Ball 3-0: Called Strike 3-1: Called Strike 3-2: Strikes out swinging
|
Batting: SHB Chris Wagler
|
0-0: Foul Ball, location: 2F 0-1: Ball 1-1: Swinging Strike 1-2: Strikes out looking
|
Bottom of the 3rd over - 0 runs, 0 hits, 0 errors, 0 left on base; Canton 1 - Detroit 1 |
TOP OF THE 4TH |
Canton Indians batting - Pitching for Detroit Red Wings : RHP Edwin Marquez
|
Batting: RHB Jesus Montana
|
0-0: Called Strike 0-1: Ball 1-1: Foul Ball, location: 2F 1-2: Strikes out swinging
|
Batting: RHB Jose Argueta
|
0-0: TRIPLE (Flyball, 89XD, EV 95.0 MPH)
|
Batting: SHB Jay Rook
|
0-0: Ball 1-0: Called Strike 1-1: SINGLE (Groundball, 4D, EV 103.1 MPH) Jose Argueta scores
|
Batting: RHB Aaron Stout
|
0-0: Foul Ball, location: 2F 0-1: Called Strike 0-2: Foul Ball, location: 2F 0-2: Ball 1-2: Strikes out looking
|
Batting: RHB Ighlas Mwara
|
0-0: Called Strike 0-1: Ball 1-1: Fly out, F9 (Flyball, 9D, EV 98.1 MPH)
|
Top of the 4th over - 1 run, 2 hits, 0 errors, 1 left on base; Canton 2 - Detroit 1 |
BOTTOM OF THE 4TH |
Detroit Red Wings batting - Pitching for Canton Indians : LHP Roberto Liza
|
Batting: RHB Norm Wood
|
0-0: Called Strike 0-1: Foul Ball, location: 2F 0-2: Foul Ball, location: 2F 0-2: Ball 1-2: Ball 2-2: Strikes out swinging
|
Batting: SHB Willie Medina
|
0-0: Ball 1-0: Ball 2-0: Swinging Strike 2-1: Called Strike 2-2: Strikes out swinging
|
Batting: LHB Steve Herrera
|
0-0: Called Strike 0-1: Ball 1-1: SINGLE (Groundball, 23, EV 75.6 MPH) (infield hit)
|
Batting: SHB Eisse Wijnja
|
0-0: Ground out 2-3 (Groundball, 13S, EV 54.4 MPH)
|
Bottom of the 4th over - 0 runs, 1 hit, 0 errors, 1 left on base; Canton 2 - Detroit 1 |
TOP OF THE 5TH |
Canton Indians batting - Pitching for Detroit Red Wings : RHP Edwin Marquez
|
Batting: LHB Shane Montalvo
|
0-0: Called Strike 0-1: Foul Ball, location: 2F 0-2: Ball 1-2: Ball 2-2: Ground out 3-1 (Groundball, 34S, EV 89.4 MPH)
|
Batting: RHB John Bianconi
|
0-0: Ground out U3 (Groundball, 3, EV 91.9 MPH)
|
Batting: LHB Dave Key
|
0-0: Ball 1-0: Ball 2-0: Called Strike 2-1: Ball 3-1: Called Strike 3-2: Ground out U3 (Groundball, 34S, EV 60.0 MPH)
|
Top of the 5th over - 0 runs, 0 hits, 0 errors, 0 left on base; Canton 2 - Detroit 1 |
BOTTOM OF THE 5TH |
Detroit Red Wings batting - Pitching for Canton Indians : LHP Roberto Liza
|
Batting: RHB Ernst Meloche
|
0-0: Called Strike 0-1: Ball 1-1: Called Strike 1-2: Ground out 6-3 (Groundball, 6, EV 88.8 MPH)
|
Batting: RHB Nate Dabney
|
0-0: Called Strike 0-1: Foul Ball, location: 2F 0-2: Strikes out swinging
|
Batting: LHB Isao Fukui
|
0-0: Called Strike 0-1: Ball 1-1: Ball 2-1: Ball 3-1: SOLO HOME RUN (Flyball, 9D, EV 97.5 MPH), Distance : 396 ft
|
Batting: RHB Yankel Pensak
|
0-0: Called Strike 0-1: Foul Ball, location: 2F 0-2: Strikes out looking
|
Bottom of the 5th over - 1 run, 1 hit, 0 errors, 0 left on base; Canton 2 - Detroit 2 |
TOP OF THE 6TH |
Canton Indians batting - Pitching for Detroit Red Wings : RHP Edwin Marquez
|
Batting: RHB Ricky Butts
|
0-0: Ball 1-0: Ball 2-0: Foul Ball, location: 2F 2-1: Foul Ball, location: 2F 2-2: Ball 3-2: Base on Balls
|
Batting: RHB Jesus Montana
|
0-0: Foul Ball, location: 2F 0-1: Foul Ball, location: 2F 0-2: Ball 1-2: 2-RUN HOME RUN (Line Drive, 7LD, EV 95.6 MPH), Distance : 364 ft
|
Batting: RHB Jose Argueta
|
0-0: Ball 1-0: Foul Ball, location: 2F 1-1: Hit by Pitch
|
Batting: SHB Jay Rook
|
0-0: Ball 1-0: Ball 2-0: Ball 3-0: Base on Balls Jose Argueta to second
|
Batting: RHB Aaron Stout
|
0-0: Called Strike 0-1: Foul Ball, location: 2F 0-2: Ball 1-2: Ball 2-2: DOUBLE (Line Drive, 89XD, EV 102.5 MPH) Jose Argueta scores Jay Rook to third
|
Pitching: RHP Leon Benitez
|
|
Batting: RHB Ighlas Mwara
|
0-0: Swinging Strike 0-1: Ball 1-1: Fly out, F4 (Popup, 34S, EV 76.9 MPH)
|
Batting: LHB Shane Montalvo
|
0-0: DOUBLE (Line Drive, 78XD, EV 100.0 MPH) Jay Rook scores Aaron Stout scores
|
Batting: RHB John Bianconi
|
0-0: Ball 1-0: 2-RUN HOME RUN (Flyball, 7D, EV 95.0 MPH), Distance : 387 ft
|
Batting: LHB Dave Key
|
0-0: Fly out, F9 (Flyball, 9LS, EV 83.8 MPH)
|
Batting: RHB Ricky Butts
|
0-0: Called Strike 0-1: SINGLE (Groundball, 3D, EV 98.8 MPH)
|
Batting: RHB Jesus Montana
|
0-0: Ball 1-0: Called Strike 1-1: Foul Ball, location: 2F 1-2: Single, Error in OF, E9, batter to second base (Line Drive, 89S, EV 110.0 MPH) Ricky Butts to third
|
Batting: RHB Jose Argueta
|
0-0: Called Strike 0-1: Swinging Strike 0-2: Fly out, F9 (Flyball, 9LM, EV 102.5 MPH)
|
Top of the 6th over - 7 runs, 6 hits, 1 error, 2 left on base; Canton 9 - Detroit 2 |
BOTTOM OF THE 6TH |
Detroit Red Wings batting - Pitching for Canton Indians : LHP Roberto Liza
|
Batting: SHB Chris Wagler
|
0-0: Foul Ball, location: 2F 0-1: Ball 1-1: Fly out, F8 (Flyball, 89S, EV 98.1 MPH)
|
Batting: RHB Norm Wood
|
0-0: Swinging Strike 0-1: Swinging Strike 0-2: Ball 1-2: Strikes out swinging
|
Batting: SHB Willie Medina
|
0-0: Foul Ball, location: 2F 0-1: SINGLE (Groundball, 6M, EV 109.4 MPH) (infield hit)
|
Batting: LHB Steve Herrera
|
0-0: Ball 1-0: Called Strike 1-1: Foul Ball, location: 2F 1-2: Strikes out swinging
|
Bottom of the 6th over - 0 runs, 1 hit, 0 errors, 1 left on base; Canton 9 - Detroit 2 |
TOP OF THE 7TH |
Canton Indians batting - Pitching for Detroit Red Wings : RHP Leon Benitez
|
Batting: SHB Jay Rook
|
0-0: Ball 1-0: Ball 2-0: Foul Ball, location: 2F 2-1: Foul Ball, location: 2F 2-2: Fly out, F5 (Popup, 5S, EV 72.5 MPH)
|
Batting: RHB Aaron Stout
|
0-0: Ball 1-0: Ball 2-0: Fly out, F9 (Flyball, 9LM, EV 86.9 MPH)
|
Batting: RHB Ighlas Mwara
|
0-0: Called Strike 0-1: Ground out 5-3 (Groundball, 56S, EV 86.2 MPH)
|
Top of the 7th over - 0 runs, 0 hits, 0 errors, 0 left on base; Canton 9 - Detroit 2 |
BOTTOM OF THE 7TH |
Detroit Red Wings batting - Pitching for Canton Indians : LHP Roberto Liza
|
Batting: SHB Eisse Wijnja
|
0-0: DOUBLE (Line Drive, 89M, EV 101.2 MPH)
|
Batting: RHB Ernst Meloche
|
0-0: Ball 1-0: Called Strike 1-1: Foul Ball, location: 2F 1-2: Strikes out swinging
|
Batting: RHB Nate Dabney
|
0-0: Ball 1-0: Swinging Strike 1-1: Ball 2-1: DOUBLE (Flyball, 78XD, EV 103.8 MPH) Eisse Wijnja scores
|
Batting: LHB Isao Fukui
|
0-0: Foul Ball, location: 2F 0-1: Ball 1-1: Ball 2-1: Ground out U3 (Groundball, 3, EV 81.2 MPH) Nate Dabney to third
|
Batting: RHB Yankel Pensak
|
0-0: Called Strike 0-1: Swinging Strike 0-2: Foul Ball, location: 2F 0-2: Strikes out swinging
|
Bottom of the 7th over - 1 run, 2 hits, 0 errors, 1 left on base; Canton 9 - Detroit 3 |
TOP OF THE 8TH |
Canton Indians batting - Pitching for Detroit Red Wings : RHP Leon Benitez
|
Batting: LHB Shane Montalvo
|
0-0: Called Strike 0-1: Ground out 6-3 (Groundball, 4MD, EV 102.5 MPH)
|
Batting: RHB John Bianconi
|
0-0: Called Strike 0-1: SINGLE (Line Drive, 4D, EV 101.2 MPH)
|
Batting: LHB Dave Key
|
0-0: Called Strike 0-1: SINGLE (Flyball, 5D, EV 95.6 MPH) John Bianconi to second
|
Batting: RHB Ricky Butts
|
0-0: SINGLE (Groundball, 56D, EV 101.2 MPH) John Bianconi to third Dave Key to second
|
Batting: RHB Jesus Montana
|
0-0: Ball 1-0: SINGLE (Groundball, 4MD, EV 110.0 MPH) John Bianconi scores Dave Key to third Ricky Butts to second Runner from 3rd tries for Home, throw by CF and OUT! 8-2
|
Batting: RHB Jose Argueta
|
0-0: Called Strike 0-1: Fly out, F8 (Flyball, 78M, EV 90.0 MPH)
|
Top of the 8th over - 1 run, 4 hits, 0 errors, 2 left on base; Canton 10 - Detroit 3 |
BOTTOM OF THE 8TH |
Detroit Red Wings batting - Pitching for Canton Indians : LHP Roberto Liza
|
Batting: SHB Chris Wagler
|
0-0: Ball 1-0: Called Strike 1-1: Fly out, F9 (Flyball, 89M, EV 93.1 MPH)
|
Batting: RHB Norm Wood
|
0-0: Called Strike 0-1: Fly out, F6 (Popup, 6MS, EV 83.8 MPH)
|
Batting: SHB Willie Medina
|
0-0: Ground out 4-3 (Groundball, 4M, EV 85.0 MPH)
|
Bottom of the 8th over - 0 runs, 0 hits, 0 errors, 0 left on base; Canton 10 - Detroit 3 |
TOP OF THE 9TH |
Canton Indians batting - Pitching for Detroit Red Wings : RHP Leon Benitez
|
Batting: SHB Jay Rook
|
0-0: SINGLE (Line Drive, 9S, EV 101.9 MPH)
|
Batting: RHB Aaron Stout
|
0-0: SINGLE (Groundball, 56, EV 102.5 MPH) (infield hit) Jay Rook to second
|
Batting: RHB Ighlas Mwara
|
0-0: Called Strike 0-1: Fielders Choice at 2nd, 3-6 (Groundball, 34S, EV 88.8 MPH) Jay Rook to third
|
Batting: LHB Shane Montalvo
|
0-0: Swinging Strike 0-1: Ball 1-1: Ball 2-1: SINGLE (Line Drive, 8LS, EV 108.8 MPH) Jay Rook scores Ighlas Mwara to second
|
Pinch Hitting: RHB Luke Burnham
|
0-0: Called Strike 0-1: Ball 1-1: Called Strike 1-2: SINGLE (Line Drive, 4MD, EV 95.0 MPH) Ighlas Mwara to third Shane Montalvo to second Runner from 3rd tries for Home, SAFE, throw by CF to home
|
Batting: LHB Dave Key
|
0-0: Ball 1-0: Ball 2-0: Called Strike 2-1: Ball 3-1: Base on Balls Shane Montalvo to third Luke Burnham to second
|
Batting: RHB Ricky Butts
|
0-0: Called Strike 0-1: Ball 1-1: Fly out, F8 (Line Drive, 8LM, EV 101.9 MPH) Runner from 3rd tags up, OUT at HOME! 8-2
|
Top of the 9th over - 2 runs, 4 hits, 0 errors, 2 left on base; Canton 12 - Detroit 3 |
BOTTOM OF THE 9TH |
Detroit Red Wings batting - Pitching for Canton Indians : LHP Roberto Liza
|
Now at SS: Luke Burnham
|
|
Batting: LHB Steve Herrera
|
0-0: Foul Ball, location: 2F 0-1: Called Strike 0-2: Ball 1-2: Foul Ball, location: 2F 1-2: Fly out, F7 (Flyball, 7LS, EV 83.1 MPH)
|
Pitching: LHP Alec Valencia
|
|
Batting: SHB Eisse Wijnja
|
0-0: Ball 1-0: Ball 2-0: Fly out, F7 (Flyball, 7D, EV 85.6 MPH)
|
Batting: RHB Ernst Meloche
|
0-0: Ball 1-0: SINGLE (Line Drive, 9LS, EV 103.1 MPH)
|
Batting: RHB Nate Dabney
|
0-0: Ball 1-0: Ball 2-0: Fly out, F9 (Flyball, 89S, EV 94.4 MPH)
|
Bottom of the 9th over - 0 runs, 1 hit, 0 errors, 1 left on base; Canton 12 - Detroit 3 |
|